 Dungeon Crawl Stone Soup version 0.31-a0-246-g8cbcc1cb85 (webtiles) character file.

Game seed: 7591453536138404805

2647 cforsyth the Grappler (level 9, -2/80 HPs)
             Began as an Ogre Shapeshifter on July 13, 2023.
             Was an Initiate of Hepliaklqana.
             Succumbed to a killer bee's poison
             ... on level 7 of the Dungeon.
             The game lasted 00:10:45 (8840 turns).

cforsyth the Grappler (Ogre Shapeshifter)           Turns: 8840, Time: 00:10:45

Health: -2/80      AC:  3    Str: 25    XL:     9   Next: 62%
Magic:  9/9        EV:  9    Int:  9    God:    Hepliaklqana [......]
Gold:   405        SH:  0    Dex:  9    Spells: 8/8 levels left

rFire   . .          .
                       - Unarmed
rCold   . . .        (no shield)
rNeg    . . .        a - +0 animal skin
rPois   .            (helmet currently unavailable)
rElec   .            (cloak currently unavailable)
rCorr   .            (gloves unavailable)
SInv    .            (boots unavailable)
Will    .....        (no amulet)
Stlth   +            (no ring)
HPRegen 0.33/turn    (no ring)
MPRegen 0.11/turn

%: no passive effects
@: lethally poisoned (-2 -> -22), beast-form
A: beast (slay +5), large, unfitting armour, tough skin 1
a: Renounce Religion


You were on level 7 of the Dungeon.
You worshipped Hepliaklqana.
Hepliaklqana was noncommittal.
You were a hulking beast.
You visited 2 branches of the dungeon, and saw 8 of its levels.
You also visited: Sewer.

You collected 405 gold pieces.

Inventory:

Armour
 a - a +0 animal skin (worn)
Jewellery
 j - an amulet of faith
 m - a ring of protection from fire
Talismans
 c - a beast talisman
Wands
 z - a wand of light (7)
 A - a wand of digging (4)
Scrolls
 g - a scroll of blinking {unknown}
 i - 5 scrolls of teleportation {unknown}
 k - a scroll of summoning {unknown}
 l - a scroll of silence {unknown}
 n - 6 scrolls of identify {unknown}
 s - 2 scrolls of revelation {unknown}
 t - 3 scrolls of vulnerability {unknown}
 v - a scroll of poison {unknown}
 y - 3 scrolls of fear {unknown}
Potions
 b - 3 potions of lignification
 d - 3 potions of might
 e - 2 potions of enlightenment {unknown}
 f - a potion of degeneration {unknown}
 h - 2 potions of heal wounds
 o - 3 potions of haste {unknown}
 p - a potion of cancellation {unknown}
 q - a potion of resistance
 r - 3 potions of brilliance {unknown}
 u - 2 potions of curing {unknown}
 w - 2 potions of magic {unknown}
 x - 2 potions of ambrosia {unknown}


   Skills:
 - Level 2.6 Fighting
 - Level 1.7 Dodging
 + Level 8.5 Unarmed Combat
 + Level 8.2 Shapeshifting


You had 8 spell levels left.
You didn't know any spells.
Your spell library contained the following spells:

 Spells                   Type           Power      Damage    Failure   Level
 Apportation              Tloc           0%         N/A       38%         1
 Cigotuvi's Dreadful Rot  Necr/Pois/Air  0%         N/A       52%         2
 Momentum Strike          Conj/Tloc      0%         3d8       52%         2
 Swiftness                Air            0%         N/A       77%         3
 Alistair's Intoxication  Tmut/Pois      0%         N/A       100%        5
 Fireball                 Conj/Fire      0%         3d3       100%        5
 Iskenderun's Battlesphe  Conj           0%         2d6       100%        5
 Conjure Ball Lightning   Conj/Air       0%         3x3d6     100%        6
 Orb of Destruction       Conj           0%         9d5       100%        7
 Maxwell's Capacitive Co  Air            0%         ∞         100%        8


Dungeon Overview and Level Annotations

Branches:
Dungeon (7/15)             Temple (1/1) D:7           Sewer (visited)

Altars:
Ashenzari
Cheibriados
Dithmenos
Elyvilon
Fedhas
Gozag
Hepliaklqana
Kikubaaqudgha
Makhleb
Nemelex Xobeh
Okawaru
Sif Muna
Trog
Uskayaw
Vehumet
Wu Jian
Xom
Yredelemnul
Zin
The Shining One

Shops:
D:1 (   D:2 [   D:6 [

Annotations:
D:4 2 transporters
D:5 1 runed translucent door, pigah's ghost, novice OpWn


Innate Abilities, Weirdness & Mutations

You are a hulking beast.
Your limbs bulge with bestial killing power. (Slay +5)
You are too large for most types of armour.
You have tough skin. (AC +1)


Message History

You hit the killer bee.
The killer bee is moderately wounded.
You feel very sick. The killer bee stings you. The killer bee stings you!
You are too injured to fight recklessly!
You are too injured to fight recklessly!
You are too injured to fight recklessly!
You are too injured to fight recklessly!
You are too injured to fight recklessly!
You are too injured to fight recklessly!
You are too injured to fight recklessly!
You are too injured to fight recklessly!
You are too injured to fight recklessly!
You punch the killer bee!
The killer bee is severely wounded.
You feel very sick. The killer bee stings you.
The killer bee closely misses you.
You pummel the killer bee!!
You kill the killer bee!
You feel sick.
You miss the killer bee.
You feel very sick. The killer bee stings you.
* * * LOW HITPOINT WARNING * * *
You are more poisoned.
The killer bee poisons you! The killer bee stings you.
* * * LOW HITPOINT WARNING * * *
You are more poisoned.
The killer bee poisons you!
You barely miss the killer bee.
* * * LOW HITPOINT WARNING * * *
You feel very sick. The killer bee barely misses you.
The killer bee stings you!
* * * LOW HITPOINT WARNING * * *
You closely miss the killer bee. Your punch misses the killer bee.
* * * LOW HITPOINT WARNING * * *
You feel very sick. The killer bee closely misses you.
You closely miss the killer bee.
You die...

###....##.#####.......PP.
#)......# #......P...
#.####### ##.#..P.... #.#
#.#...P..♣ ##.##
#.#..PP..♣ ##...#####
#.#..PP..♣ #........#
#........♣ ........###.#
#.#....... ####.#.## #h#
# #####... #.### #y# #.##
#. #y# #.# .. ..# ..# #
###


You could see 2 killer bees.

Vanquished Creatures
  2 steam dragons (D:6)
  Menkaure (D:6)
  An acid dragon (D:7)
  An orc warrior (D:7)
  A black bear (D:6)
  A phantom (D:6)
  3 bullfrogs
  A gnoll sergeant (D:5)
  3 scorpions (D:5)
  8 wights (D:7)
  An elf skeleton (D:4)
  3 killer bees (D:7)
  2 electric eels (D:6)
  A howler monkey (D:3)
  A hound (D:6)
  A jelly (D:4)
  A gnoll bouda (D:7)
  2 human zombies (D:4)
  An orc priest (D:7)
  An iguana (D:5)
  Natasha (D:2)
  Terence (D:3)
  3 orc wizards (D:5)
  10 gnolls
  15 adders
  A shadow imp (D:6)
  A white imp (D:6)
  An ufetubus (D:6)
  2 worms
  4 dart slugs
  18 orcs
  13 ball pythons
  8 bats
  9 endoplasms
  4 giant cockroaches
  6 goblins
  8 hobgoblins
  14 jackals
  8 quokkas
  9 frilled lizards
  8 kobolds
  3 orc skeletons (D:4)
  10 rats
193 creatures vanquished.

Notes
Turn   | Place    | Note
-------+----------+-------------------------------------------
     0 | D:1      | cforsyth the Ogre Shapeshifter began the quest for the Orb.
     0 | D:1      | Reached XP level 1. HP: 22/22 MP: 1/1
   121 | D:1      | Found Jeruh's Antique Weapon Shop.
   148 | D:1      | Reached XP level 2. HP: 28/29 MP: 2/2
   475 | D:1      | Reached XP level 3. HP: 33/36 MP: 3/3
   528 | D:1      | Found a faded altar of an unknown god.
  1058 | D:2      | Found an opulent altar of Gozag.
  1106 | D:2      | Found Furecaev's Antique Armour Shop.
  1131 | D:2      | Reached XP level 4. HP: 44/44 MP: 4/4
  1133 | D:2      | You fall into a shaft and drop 2 floors!
  1252 | D:3      | Found a glowing drain.
  1318 | Sewer    | Entered a sewer
  1339 | Sewer    | Reached XP level 5. HP: 40/50 MP: 5/5
  2491 | D:2      | Noticed Natasha
  2502 | D:2      | Killed Natasha
  2503 | D:2      | Reached XP level 6. HP: 29/59 MP: 6/6
  2910 | D:3      | Found a shimmering blue altar of Sif Muna.
  2912 | D:3      | Found an opulent altar of Gozag.
  2913 | D:3      | Found a basalt altar of Yredelemnul.
  3207 | D:3      | Found a hide-covered altar of Uskayaw.
  3370 | D:3      | Noticed Terence
  3378 | D:3      | Killed Terence
  3713 | D:4      | Found a transporter.
  3829 | D:4      | Found a radiant altar of Vehumet.
  4135 | D:4      | Reached skill level 5 in Shapeshifting
  4158 | D:4      | Reached XP level 7. HP: 60/66 MP: 7/7
  4506 | D:4      | Found a transporter.
  4614 | D:5      | Entered Level 5 of the Dungeon
  4729 | D:5      | Found a runed translucent door.
  4736 | D:5      | Got Teotruz's Elucidation of Fumes and Position
  4750 | D:5      | Reached skill level 5 in Unarmed Combat
  5325 | D:5      | Reached XP level 8. HP: 37/74 MP: 8/8
  5857 | D:5      | Noticed pigah's ghost (novice OpWn)
  6326 | D:6      | Noticed Menkaure
  6337 | D:6      | Killed Menkaure
  6678 | D:6      | Found Motuell's Antique Armour Shoppe.
  6875 | D:6      | Found a glowing silver altar of Zin.
  6889 | D:6      | Reached XP level 9. HP: 63/80 MP: 9/9
  7409 | D:7      | Found a white marble altar of Elyvilon.
  7570 | D:7      | Found a staircase to the Ecumenical Temple.
  7627 | Temple   | Entered the Ecumenical Temple
  7642 | Temple   | Became a worshipper of Hepliaklqana the Forgotten
  7980 | D:7      | Found a burning altar of Makhleb.
  8312 | D:7      | HP: 3/77 [wight/+0 battleaxe (6)]
  8312 | D:7      | HP: 1/75 [wight/+0 battleaxe (2)]
  8839 | D:7      | HP: 2/80 [poisoned by a killer bee]
  8840 | D:7      | Succumbed to a killer bee's poison

Illustrated notes

Levels and vault maps discovered:
D:1:      arrival_zaba_pyramid, layout_basic, serial_shops,
          nicolae_shop_scrapyard, dreamdust_ecumenical_altar_angels_and_demons
D:2:      layout_basic, serial_shops, nicolae_shop_gibbet_a_chance, basic_altar,
          uniq_natasha
D:3:      layout_basic, mainiacjoe_overflow_alcove_4,
          chequers_temple_overflow_statue_of_worship, gup_sewer_entry_pipe,
          nicolae_figureground_sparkle, uniq_terence
D:4:      gammafunk_cloud_chamber, layout_basic, marbit_many_paths,
          nicolae_ossuary_entry_catacombs
D:5:      layout_rooms, gammafunk_ghost_grave, corexii_hall_statues_x
D:6:      layout_cave_pools, zin_scriptorium, serial_shops,
          nicolae_shop_window_shopping, serial_bayou, serial_bayou_pond_a,
          serial_bayou_lagoon_a, serial_bayou_crossing, serial_bayou_pond_e,
          minmay_misc_feat_enclosed, uniq_menkaure
D:7:      kennysheep_seaside_town, layout_loops_corners, kennysheep_mini_moat,
          mainiacjoe_overflow_chevrons, minmay_temple_entry_slanted,
          serial_shops, kennysheep_little_box
Temple:   hellmonk_temple_two_chambers

Skill      XL: |  1  2  3  4  5  6  7  8  9 |
---------------+----------------------------+-----
Unarmed Combat | 2 3 4 5 7 8 |  8.5
Shapeshifting  | 4 5 6 7 8 |  8.2
Fighting       | |  2.6
Dodging        | |  1.7

Action                     |  1- 3 |  4- 6 |  7- 9 || total
---------------------------+-------+-------+-------++-------
  Melee: Unarmed           |    97 |   214 |   247 ||   558
         Punch             |     4 |     7 |    14 ||    25
    Use: Potion            |       |       |     2 ||     2
   Stab: Sleeping          |       |     2 |       ||     2
 Armour: Animal skin       |    48 |    36 |    40 ||   124
  Dodge: Dodged            |    47 |    70 |   130 ||   247

Table legend: (Time is in decaauts)
 A = Elapsed time spent in this place.
 B = Non-inter-level travel time spent in this place.
 C = Inter-level travel time spent in this place.
 D = Time resting spent in this place.
 E = Time spent auto-exploring this place.
 F = Levels seen in this place.
 G = Mean time per level.
                   A        B        C        D        E       F      G
               +--------+--------+--------+--------+--------+-----+--------+
         Total |   8793 |   8549 |    244 |    562 |   6621 |   9 |  977.0 |
       Dungeon |   8070 |   7830 |    240 |    562 |   6065 |   7 | 1152.9 |
        Temple |     19 |     15 |      4 |      0 |     10 |   1 |   19.0 |
         Sewer |    703 |    703 |      0 |      0 |    546 |   1 |  703.0 |
               +--------+--------+--------+--------+--------+-----+--------+

Top non-repeatable levels by time:
     D:7: 1604 daAuts
     D:4: 1505 daAuts
     D:6: 1327 daAuts
     D:3: 1060 daAuts
     D:1: 1019 daAuts
     D:5: 867 daAuts
   Sewer: 703 daAuts
     D:2: 686 daAuts
  Temple: 19 daAuts
